 Dungeon Crawl Stone Soup version 0.22-a0-305-gd21a89c (webtiles) character file.

173 Borgoz the Skirmisher (level 5, -2/47 HPs)
             Began as a Hill Orc Abyssal Knight on Mar 31, 2018.
             Was a Believer of Lugonu.
             Slain by an ogre
             ... wielding a +0 giant spiked club
              (10 damage)
             ... on level 4 of the Dungeon.
             The game lasted 00:07:09 (3626 turns).

Borgoz the Skirmisher (Hill Orc Abyssal Knight)     Turns: 3626, Time: 00:07:10

Health: -2/47      AC:  9    Str: 15    XL:     5   Next: 53%
Magic:  7/7        EV: 10    Int: 12    God:    Lugonu [**....]
Gold:   297        SH:  0    Dex: 11    Spells: 4/4 levels left

rFire    . . .     SeeInvis +   a - +1 hand axe
rCold    + . .     Gourm    .   (no shield)
rNeg     . . .     Faith    .   t - +3 scale mail {rC+}
rPois    .         Spirit   .   (no helmet)
rElec    .         Reflect  .   (no cloak)
rCorr    .         Harm     +   (no gloves)
MR       .....                  (no boots)
Stlth    ..........             k - amulet of harm
HPRegen  0.15/turn              n - ring of see invisible
MPRegen  0.10/turn              (no ring)

@: no status effects
A: no striking features
a: Depart the Abyss, Bend Space, Renounce Religion


You were on level 4 of the Dungeon.
You worshipped Lugonu.
Lugonu was pleased with you.
You were not hungry.

You visited 1 branch of the dungeon, and saw 4 of its levels.
You visited the Abyss 1 time.

You collected 297 gold pieces.

Inventory:

Hand Weapons
 a - a +1 hand axe (weapon)
Armour
 t - a +3 scale mail of cold resistance (worn)
Jewellery
 k - an amulet of harm (around neck)
 n - a ring of see invisible (left hand)
Wands
 b - a wand of random effects (24)
Scrolls
 d - 7 scrolls of identify {unknown}
 e - a scroll of enchant armour {unknown}
 g - 3 scrolls of remove curse {unknown}
 i - a scroll of magic mapping {unknown}
 o - 2 scrolls of fear {unknown}
 p - a scroll of teleportation {unknown}
 q - a scroll of enchant weapon {unknown}
 w - a scroll of amnesia {unknown}
Potions
 f - a potion of cancellation {unknown}
 h - 2 potions of flight {unknown}
 j - 2 potions of haste {unknown}
 l - a potion of degeneration {unknown}
 m - a potion of curing {unknown}
 r - 3 potions of magic {unknown}
 s - a potion of brilliance {unknown}
 v - 2 potions of heal wounds {unknown}
Comestibles
 c - 10 rations
 u - 2 chunks of flesh


   Skills:
 + Level 4.5 Fighting
 + Level 4.0 Axes
 + Level 3.3 Armour
 + Level 1.9 Dodging
 + Level 3.8 Invocations


You had 4 spell levels left.
You didn't know any spells.

Dungeon Overview and Level Annotations

Branches:
Dungeon (4/15)
 Temple: D:4-7

Altars:
Kikubaaqudgha
Okawaru

Annotations:
D:3 xccam's ghost, amateur FoFi


Message History

The ogre barely misses you.
There is a stone staircase leading up here.
You barely miss the ogre.
The ogre hits you with a giant spiked club!
You hit the ogre.
The ogre is lightly wounded.
The ogre closely misses you.
You completely miss the ogre.
The ogre is lightly wounded.
The ogre hits you with a giant spiked club!
* * * LOW HITPOINT WARNING * * *
You hit the ogre.
The ogre is moderately wounded.
You hit the ogre.
The ogre is moderately wounded.
The ogre closely misses you.
You hit the ogre.
The ogre is heavily wounded.
The ogre hits you with a giant spiked club!
You die...

## ... #.#
######.####.##
##...........O.
........# #######.#
#..# ######O.#
.......@# ######..#
#..#
######..###########
............<.....#
..............#####
.######.####### #.#
#.#


You could see an ogre.

Vanquished Creatures
  A scorpion (D:4)
  Terence (D:3)
  2 adders
  A worm (D:2)
  A leopard gecko (D:3)
  An orc (D:3)
  A bat zombie (D:1)
  5 giant cockroaches
  7 goblins
  5 hobgoblins
  3 jackals (D:2)
  15 bats
  11 frilled lizards
  A giant cockroach zombie (D:1)
  8 kobolds
  10 rats
73 creatures vanquished.

Notes
Turn   | Place    | Note
-------+----------+-------------------------------------------
     0 | Abyss:1  | Borgoz the Hill Orc Abyssal Knight began the quest for the Orb.
     0 | Abyss:1  | Reached XP level 1. HP: 19/19 MP: 2/2
   128 | Abyss:3  | Noticed a quicksilver dragon simulacrum
   128 | D:1      | Escaped the Abyss
   354 | D:1      | Reached skill level 1 in Dodging
   354 | D:1      | Reached XP level 2. HP: 26/27 MP: 3/3
   359 | D:1      | Reached * piety under Lugonu
   681 | D:1      | Reached XP level 3. HP: 9/33 MP: 5/5
  2012 | D:2      | Found an iron altar of Okawaru.
  2022 | D:2      | Found an ancient bone altar of Kikubaaqudgha.
  2050 | D:2      | Reached XP level 4. HP: 36/40 MP: 6/6
  2317 | D:3      | Noticed Terence
  2330 | D:3      | Killed Terence
  2727 | D:3      | Reached ** piety under Lugonu
  2748 | D:3      | Noticed xccam's ghost (amateur FoFi)
  3208 | D:4      | Reached XP level 5. HP: 38/47 MP: 7/7
  3269 | D:4      | Noticed an ogre
  3566 | D:4      | Noticed an ogre
  3566 | D:4      | Noticed an ogre
  3626 | D:4      | Slain by an ogre

Vault maps used:
D:1:      saegor_arrival_fortress, st_stairs_9, minmay_lizard_pond
D:2:      minitemple, first_ration
D:3:      uniq_terence
Abyss:3:  hangedman_decor_peaks_small

Skill      XL: |  1  2  3  4 |
---------------+-------------+-----
Dodging        | 1 |  1.9
Axes           | 3 4 |  4.0
Invocations    | 3 |  3.8
Fighting       | 4 |  4.5
Armour         | 3 |  3.3

Action                   |  1- 3 |  4- 6 || total
-------------------------+-------+-------++-------
Melee: Hand axe          |   131 |    90 ||   221
Invok: Depart the Abyss  |     1 |       ||     1
  Eat: Chunk             |     4 |     5 ||     9
Armor: Leather armour    |    51 |     4 ||    55
       Scale mail        |       |    31 ||    31
Dodge: Dodged            |    92 |    43 ||   135

Table legend:
 A = Spawn XP
 B = Non-spawn XP
 C = Spawn XP percentage of total XP
 D = Spawn monster count
 E = Non-spawn monster count
 F = Spawn count percentage of total count
 G = Total turns spent on level
                    A         B        C        D         E        F      G
               +---------+---------+-------+---------+---------+-------+---------
         Total |       0 |     248 |   0.0 |       0 |      73 |   0.0 |  3626
               +---------+---------+-------+---------+---------+-------+---------
           D:1 |       0 |      46 |   0.0 |       0 |      35 |   0.0 |  1337
           D:2 |       0 |      45 |   0.0 |       0 |      17 |   0.0 |  1072
           D:3 |       0 |      83 |   0.0 |       0 |      20 |   0.0 |   996
           D:4 |       0 |      74 |   0.0 |       0 |       1 |   0.0 |    93
               +---------+---------+-------+---------+---------+-------+---------
